woodfighter, chaotic female orcish Cavewoman -- |} |.---- ----} |.....- |..}} ---- |......---.}}}- --..| ........}}.| -----------...----- -....}.}.---.................| |....}}......--------|--.....| |...}}}}.....|%%%%%|...|....-- |..}}}}}.....|!%%!%|...|....| |.}}}}}}...%.|.... |---|....| |.}}}}}.....%--|---|...|...-- -- |.h}}}}}h....%.....|.%.|.|.| ----+ ----.. |...|.}}}}}"}..........--|--.|.| ................. -+---.}}}}}}}-+---+-...........| -...............};..}}}(| |.........|.--- |...}}..}}};)| |....----.|...| |..}.}..}}}}@-------...--..--..|.| |.}}}...G}}}...............<|..| . -}}}.....}}}.---------........-- - |}}}.---.}}}}.| ---..--.-- |}}-- ---}}}}| ------- woodfighter the Young Cave Woman Experience level: 6 Strength: 18 Dexterity: 18 Constitution: 18 Intelligence: 8 Wisdom: 8 Charisma: 7 Health: 0(55) Energy: 16(16) Def: 3 Gold: 316 Moves: 2359 Dungeon seed: 5rlYKj8LpDQLQVLP Game ID: woodfighter_1475164475 Your Inventory: Coins $ - 316 gold pieces Weapons a - a +1 club (weapon in hand) b - a +2 sling (alternate weapon; not wielded) h - 31 +0 arrows k - a +0 bow I - a +0 bow Armor m - a cursed +0 dwarvish cloak n - an uncursed +0 dwarvish cloak q - an uncursed +0 leather armor (being worn) r - an uncursed +0 orcish helm (being worn) u - an uncursed +0 dwarvish cloak w - an uncursed +0 dwarvish iron helm x - an uncursed +0 pair of iron shoes y - an uncursed +0 dwarvish mithril-coat z - a blessed +0 dwarvish cloak C - an uncursed +0 dwarvish cloak N - an uncursed +0 mummy wrapping Y - an uncursed +0 cloak of endurance Comestibles i - an uncursed lichen corpse Scrolls p - a blessed scroll of teleportation A - an uncursed scroll of teleportation F - 2 uncursed scrolls of blank paper G - an uncursed scroll of light Potions t - an uncursed potion of levitation E - a blessed potion of gain energy Wands D - a wand of striking (0:3) Tools l - 4 uncursed tallow candles (0:200) s - an uncursed sack v - 5 cursed tallow candles (0:200) B - a blessed tallow candle (0:200) H - an uncursed skeleton key Gems e - 13 uncursed flints (in quiver) Contents of the sack: a blessed wand of enlightenment [0:12] Spells and supernatural/magical abilities: Name Level Category Fail Memory W - pray for help -- divine ? -- Your skills at the end: Miscellaneous Skills bare handed combat [Basic] Weapon Skills scimitar [Basic] club [Skilled] sling [Basic] Spellcasting Skills Final Attributes: You were piously aligned. You were poison resistant. Your writing hand was ok. You had infravision. You are dead. Vanquished creatures: a gnome king a housecat a gnome mummy a bugbear 2 ponies 5 gnome lords a paper golem a giant ant 6 dwarves a kobold shaman an iguana a monkey an orc zombie 3 hobbits an acid blob 2 large kobolds a gecko 16 gnomes 6 manes a gnome zombie a jackal 4 newts a goblin a grid bug 2 lichens 62 creatures vanquished. Voluntary challenges: You did not adorn yourself with jewelry or accessories. You did not cause conflict. You were not invisible. You did not have reflection. You were not displaced. You used a wielded weapon 95 times, starting on turn 35. You did not apply a unicorn horn. You did not use plumbed fixtures. You did not drink any magical draughts. You read items or engraved 1 time, starting on turn 842. You never genocided any monsters. You never polymorphed an object. You never changed form. You used no wishes. You never split a pudding. You never wrote Elbereth's name. You never violated your personal moral code. Dungeon overview: The Dungeons of Doom: levels 1 to 4 Level 1 (water) a long staircase Level 2 Level 3 (locked chest) an altar to Anu stairs to The Gnomish Mines Level 4 The Gnomish Mines: levels 4 to 6 Level 4 stairs to The Dungeons of Doom Level 5 Level 6 <- You were here some shops History has recorded: On T:1 you entered the Dungeons of Doom to retrieve the Amulet of Yendor! On T:115 you reached level 2 of The Dungeons of Doom. On T:462 you reached level 3 of The Dungeons of Doom. On T:721 you reached level 4 of The Dungeons of Doom. On T:775 you advanced to experience level 2. On T:885 you reached level 1 of The Gnomish Mines. On T:887 you advanced to experience level 3. On T:1215 you advanced to experience level 4. On T:1353 you advanced to experience level 5. On T:1370 you reached level 2 of The Gnomish Mines. On T:1722 you prayed to Anshar. On T:1738 you advanced to experience level 6. On T:1915 you reached level 3 of The Gnomish Mines. Score breakdown: Gold: 316 ( 31 points) Experience: 6 levels ( 500 points) Exploration: 6 levels ( 150 points) Discoveries: 13 items ( 650 points) Variety of kills: 25 monsters ( 1250 points) Major goal: (nothing yet) ( 0 points) Survival: died (score multiplied by 3) Total score: 7743 Latest messages: You hit the gnome lord! The gnome lord reads a labeled ANDOVA BEGARIN! The dwarf wields a stout spear! You kill the dwarf! z - a hooded cloak. There are several more objects here. This dwarf corpse tastes terrible! You stop eating. (5x) You hit the bugbear! The bugbear punches you! You kill the bugbear! You see here a bugbear corpse. The gnome lord punches you! You hit the gnome lord! You kill the gnome lord! You hit the quantum mechanic! The quantum mechanic punches you! Your position suddenly seems very uncertain! You kill the gnome lord! There are a few objects here. h - 13 uncursed arrows. You have a little trouble lifting I - a bow. Your movements are slowed slightly because of your load. The piranha bites! (6x) You die... Final status: Goodbye woodfighter the Cavewoman, killed by a piranha... You died in The Gnomish Mines on dungeon level 6 with 7743 points, and 316 pieces of gold, after 2359 moves. You were level 6 with a maximum of 55 hit points when you died.